 Dungeon Crawl Stone Soup version 0.28.0-43-g3370ac3207 (webtiles) character file.

Game seed: 2985545334193375657

190 Ablot the Grasshopper (level 5, -7/43 HPs)
             Began as a Gnoll Warper on Mar 1, 2022.
             Killed from afar by Ijyb (27 damage)
             ... with a bolt of acid
             ... on level 4 of the Dungeon.
             The game lasted 00:05:54 (4537 turns).

Ablot the Grasshopper (Gnoll Warper)                Turns: 4537, Time: 00:05:55

Health: -7/43      AC:  0    Str: 13    XL:     5   Next: 69%
Magic:  12/12      EV: 13    Int: 12    God:
Gold:   148        SH:  5    Dex: 11    Spells: 12/14 levels left

rFire   . . .      SeeInvis .   a - +0 trident
rCold   . . .      Faith    .   (no shield)
rNeg    . . .      Spirit   .   b - +0 leather armour
rPois   +          Reflect  +   (no helmet)
rElec   .          Harm     .   (no cloak)
rCorr   .          Rampage  .   (no gloves)
Will    .....                   (no boots)
Stlth   +.........              l - amulet of reflection
HPRegen 0.14/turn               e - ring of poison resistance
MPRegen 0.13/turn               (no ring)

@: corroded
A: fangs 1, strong nose, distributed training
a: no special abilities


You were on level 4 of the Dungeon.
You visited 1 branch of the dungeon, and saw 4 of its levels.

You collected 148 gold pieces.

Inventory:

Hand Weapons
 a - a +0 trident (weapon)
 w - a +2 short sword of holy wrath
Missiles
 d - 2 boomerangs of dispersal (quivered)
 g - 85 stones
 h - 49 sling bullets
 n - 3 poisoned darts
 s - 31 arrows
 t - 6 javelins
 u - 12 bolts
Armour
 b - a +0 leather armour (worn)
 v - a +0 buckler
Magical Staves
 j - a staff of earth
Jewellery
 e - a ring of poison resistance (left hand)
 l - an amulet of reflection (around neck)
Scrolls
 c - a scroll of blinking
 f - a scroll of teleportation {unknown}
 k - a scroll of identify {unknown}
 m - a scroll of enchant armour {unknown}
 p - a scroll of fear {unknown}
 q - a scroll of torment {unknown}
Potions
 i - 3 potions of curing {unknown}
 o - 2 potions of brilliance {unknown}
 r - 2 potions of attraction {unknown}


   Skills:
 + Level 4.8 Fighting
 + Level 1.6 Short Blades
 + Level 1.6 Long Blades
 + Level 1.6 Axes
 + Level 1.6 Maces & Flails
 + Level 4.8 Polearms
 + Level 1.6 Staves
 + Level 1.6 Slings
 + Level 1.6 Bows
 + Level 1.6 Crossbows
 + Level 3.0 Throwing
 + Level 3.0 Armour
 + Level 4.8 Dodging
 + Level 1.6 Stealth
 + Level 1.6 Shields
 + Level 1.6 Unarmed Combat
 + Level 5.2 Spellcasting
 + Level 1.2 Conjurations
 + Level 1.2 Hexes
 + Level 1.2 Summonings
 + Level 1.2 Necromancy
 + Level 5.5 Translocations
 + Level 1.2 Transmutations
 + Level 1.2 Fire Magic
 + Level 1.2 Ice Magic
 + Level 1.2 Air Magic
 + Level 1.2 Earth Magic
 + Level 1.2 Poison Magic
 + Level 1.8 Invocations
 + Level 1.6 Evocations


You had 12 spell levels left.
You knew the following spells:

 Your Spells              Type           Power      Damage    Failure   Level
a - Blink                 Tloc           32%        N/A       3%          2

Your spell library contained the following spells:

 Spells                   Type           Power      Damage    Failure   Level
 Gell's Gravitas          Tloc           16%        N/A       8%          3
 Lesser Beckoning         Tloc           16%        N/A       8%          3
 Teleport Other           Tloc           16%        N/A       8%          3
 Freeze                   Ice            24%        1d5       14%         1
 Magic Dart               Conj           24%        1d4       14%         1
 Call Imp                 Summ           6%         N/A       22%         2
 Frozen Ramparts          Ice            12%        1d3       41%         3
 Mephitic Cloud           Conj/Pois/Air  6%         N/A       41%         3
 Manifold Assault         Tloc           16%        N/A       56%         5
 Hailstorm                Conj/Ice       6%         3d4       82%         4


Dungeon Overview and Level Annotations

Branches:
Dungeon (4/15)
 Temple: D:4-7

Altars:

Shops:
D:2 [([(

Annotations:
D:2 1 runed translucent door, exclusions: adder and 1 more exclusion, Sigmund
D:4 Ijyb


Innate Abilities, Weirdness & Mutations

You have very sharp teeth.
Your uncanny sense of smell can sniff out nearby items.
Your experience applies equally to all skills.


Message History

Ijyb the Twisted Goblin comes into view.
She is wielding a +0 dagger and carrying a wand of acid (10).
Ijyb shouts!
Ijyb zaps a wand.
The bolt of acid hits you!!
Ouch! That really hurt!
* * * LOW HITPOINT WARNING * * *
You are too injured to fight recklessly!
Unknown command.
You see here a +0 short sword.
There is a stone staircase leading up here.
The giant cockroach closely misses you.
You climb upwards.
There is a stone staircase leading down here.
You barely miss the giant cockroach. The giant cockroach barely misses you.
You barely miss the giant cockroach.
You bite the giant cockroach, but do no damage.
The giant cockroach bites you but does no damage.
The giant cockroach misses you.
You hit the giant cockroach.
The giant cockroach is almost dead.
You block the giant cockroach's attack.
You hit the giant cockroach but do no damage.
Your bite misses the giant cockroach.
The giant cockroach is almost dead.
You block the giant cockroach's attack.
You hit the giant cockroach.
You kill the giant cockroach!
You see here a giant cockroach corpse.
You start resting.
HP restored.
There is a stone staircase leading down here.
You climb downwards.
Level annotation: Ijyb
There is a stone staircase leading up here.
Ijyb zaps a wand.
The bolt of acid hits you!! The acid corrodes you! Ijyb closely misses you.
Ijyb hits you with a +0 dagger.
There is a stone staircase leading up, spattered with blood here.
Ijyb zaps a wand.
The bolt of acid hits you!!
Ouch! That really hurt!
You die...

#.. .......$.
.#..#...$....
#.#.........#####..
.....#............# ∆
##....(..##.#####
...#.....##.....####
.#...#............### ∆
.#..#....##..........##
#........####g@.......#
........B#####)...#...##
####.#...#......#..#...#
..........†.........<.#
#.....................##
.#..#...#...............
.#...#.#............##.
..#....#.#..........# .#
#...........###..#... #


You could see Ijyb.

Vanquished Creatures
  An iguana (D:4)
  An orc wizard (D:3)
  A hound skeleton (D:4)
  6 adders
  An ufetubus (D:4)
  An adder skeleton (D:4)
  2 worms
  2 orcs (D:3)
  7 endoplasms
  A giant cockroach (D:3)
  4 goblins
  4 hobgoblins
  8 jackals
  A quokka (D:4)
  6 ball pythons
  3 bats
  A frilled lizard (D:3)
  6 kobolds
  2 rats (D:1)
58 creatures vanquished.

Notes
Turn   | Place    | Note
-------+----------+-------------------------------------------
     0 | D:1      | Ablot the Gnoll Warper began the quest for the Orb.
     0 | D:1      | Reached XP level 1. HP: 20/20 MP: 6/6
   282 | D:1      | Reached XP level 2. HP: 16/26 MP: 7/7
   285 | D:1      | Learned a level 2 spell: Blink
  1164 | D:1      | Reached XP level 3. HP: 31/31 MP: 9/9
  1398 | D:1      | Reached skill level 5 in Spellcasting
  1669 | D:2      | Reached skill level 1 in Invocations
  1697 | D:2      | Found Amouwkox's Antique Weapon Boutique.
  1913 | D:2      | Found Riemotz's Antique Armour Shoppe.
  1916 | D:2      | Found a faded altar of an unknown god.
  2017 | D:2      | Noticed Sigmund
  2052 | D:2      | Reached skill level 1 in Short Blades
  2052 | D:2      | Reached skill level 1 in Long Blades
  2052 | D:2      | Reached skill level 1 in Axes
  2052 | D:2      | Reached skill level 1 in Maces & Flails
  2052 | D:2      | Reached skill level 1 in Staves
  2052 | D:2      | Reached skill level 1 in Slings
  2052 | D:2      | Reached skill level 1 in Bows
  2052 | D:2      | Reached skill level 1 in Crossbows
  2052 | D:2      | Reached skill level 1 in Stealth
  2052 | D:2      | Reached skill level 1 in Shields
  2052 | D:2      | Reached skill level 1 in Unarmed Combat
  2052 | D:2      | Reached skill level 1 in Evocations
  2052 | D:2      | Reached XP level 4. HP: 31/38 MP: 11/11
  2135 | D:2      | Found Jetaur's Weapon Boutique.
  2151 | D:2      | Found Yleffan's Antique Armour Emporium.
  2355 | D:2      | Found a runed translucent door.
  2545 | D:3      | Reached skill level 1 in Conjurations
  2545 | D:3      | Reached skill level 1 in Hexes
  2545 | D:3      | Reached skill level 1 in Summonings
  2545 | D:3      | Reached skill level 1 in Necromancy
  2545 | D:3      | Reached skill level 1 in Transmutations
  2545 | D:3      | Reached skill level 1 in Fire Magic
  2545 | D:3      | Reached skill level 1 in Ice Magic
  2545 | D:3      | Reached skill level 1 in Air Magic
  2545 | D:3      | Reached skill level 1 in Earth Magic
  2545 | D:3      | Reached skill level 1 in Poison Magic
  3057 | D:3      | Reached XP level 5. HP: 43/43 MP: 12/12
  3738 | D:4      | HP: 1/43 [iguana (4)]
  4287 | D:4      | Noticed Ijyb
  4537 | D:4      | Killed from afar by Ijyb

Illustrated notes

Levels and vault maps discovered:
D:1:      psy_arrival_whirlpool, layout_basic, minmay_domino_2
D:2:      mumra_celtic_spiral_tile, layout_rooms,
          hellmonk_ecumenical_altar_dog_temple, serial_shops,
          nicolae_shop_stone, nicolae_shop_crystal, shop, nicolae_shop_crystal,
          shop, uniq_crazy_yiuf_cottage, uniq_sigmund
D:3:      layout_loops_ring, kennysheep_cross_room, lightli_corner_chamber
D:4:      minmay_general_purpose_star, layout_rooms, ebering_ghost_sewer_f,
          minmay_increasing_density, uniq_ijyb

Skill      XL: |  1  2  3  4  5 |
---------------+----------------+-----
Spellcasting   | 5 |  5.2
Invocations    | 1 |  1.8
Short Blades   | 1 |  1.6
Long Blades    | 1 |  1.6
Axes           | 1 |  1.6
Maces & Flails | 1 |  1.6
Staves         | 1 |  1.6
Slings         | 1 |  1.6
Bows           | 1 |  1.6
Crossbows      | 1 |  1.6
Stealth        | 1 |  1.6
Shields        | 1 |  1.6
Unarmed Combat | 1 |  1.6
Evocations     | 1 |  1.6
Conjurations   | 1 |  1.2
Hexes          | 1 |  1.2
Summonings     | 1 |  1.2
Necromancy     | 1 |  1.2
Transmutations | 1 |  1.2
Fire Magic     | 1 |  1.2
Ice Magic      | 1 |  1.2
Air Magic      | 1 |  1.2
Earth Magic    | 1 |  1.2
Poison Magic   | 1 |  1.2
Throwing       | 3 |  3.0
Armour         | 3 |  3.0
Fighting       | |  4.8
Polearms       | |  4.8
Dodging        | |  4.8
Translocations | |  5.5

Action                   |  1- 3 |  4- 6 || total
-------------------------+-------+-------++-------
Melee: Spear             |   170 |    93 ||   263
       Punch             |     2 |     4 ||     6
       Bite              |    16 |     8 ||    24
       Trident           |       |    35 ||    35
Throw: Dart              |       |     3 ||     3
       Boomerang         |       |     3 ||     3
 Cast: Blink             |     1 |     3 ||     4
 Stab: Sleeping          |     2 |     1 ||     3
Armor: Leather armour    |    39 |    18 ||    57
Dodge: Dodged            |    72 |    46 ||   118
Block: Other             |    12 |    19 ||    31
